 Dungeon Crawl Stone Soup version 0.28.0 (webtiles) character file.

Game seed: 698773294004862711

99 zazu2006 the Magician (level 4, -1/36 HPs)
             Began as a Naga Hedge Wizard on Feb 11, 2022.
             Slain by an orc (3 damage)
             ... on level 3 of the Dungeon.
             The game lasted 00:04:24 (2651 turns).

zazu2006 the Magician (Naga Hedge Wizard)           Turns: 2651, Time: 00:04:25

Health: -1/36      AC:  4    Str: 12    XL:     4   Next: 72%
Magic:  9/9        EV:  9    Int: 16    God:
Gold:   49         SH:  0    Dex: 11    Spells: 1/10 levels left

rFire   . . .      SeeInvis +   a - +0 dagger
rCold   . . .      Faith    .   (no shield)
rNeg    . . .      Spirit   .   g - +0 leather armour
rPois   +          Reflect  .   c - +0 hat
rElec   .          Harm     .   (no cloak)
rCorr   .          Rampage  .   d - +0 pair of gloves
Will    .....                   (no barding)
Stlth   ++........              (no amulet)
HPRegen 0.12/turn               (no ring)
MPRegen 0.11/turn               (no ring)

@: very slow
A: AC +1, large, see invisible, deformed body, poison resistance, slowness 2,
spit poison 1, naga tail 1
a: Spit Poison


You were on level 3 of the Dungeon.
You visited 1 branch of the dungeon, and saw 3 of its levels.

You collected 49 gold pieces.

Inventory:

Hand Weapons
 a - a +0 dagger (weapon)
Armour
 c - a +0 hat (worn)
 d - a +0 pair of gloves (worn)
 g - a +0 leather armour (worn)
Jewellery
 b - a ring of resist corrosion
Scrolls
 e - a scroll of identify {unknown}
 f - 2 scrolls of brand weapon {unknown}


   Skills:
 + Level 0.1 Fighting
 + Level 1.1 Armour
 + Level 2.1 Dodging
 + Level 3.3 Stealth
 + Level 3.7 Spellcasting
 + Level 2.2 Conjurations
 + Level 1.0 Summonings
 + Level 1.0 Translocations
 * Level 0.2 Poison Magic


You had one spell level left.
You knew the following spells:

 Your Spells              Type           Power      Damage    Failure   Level
a - Magic Dart            Conj           40%        1d5       9%          1
b - Mephitic Cloud        Conj/Pois/Air  5%         N/A       43%         3
c - Conjure Flame         Conj/Fire      6%         6-21      38%         3
d - Blink                 Tloc           12%        N/A       22%         2

Your spell library contained the following spells:

 Spells                   Type           Power      Damage    Failure   Level
 Slow                     Hex            12%        N/A       22%         1
 Call Imp                 Summ           6%         N/A       22%         2
 Call Canine Familiar     Summ           6%         N/A       41%         3
 Portal Projectile        Hex/Tloc       8%         N/A       47%         3
 Leda's Liquefaction      Hex/Erth       1%         N/A       91%         4


Dungeon Overview and Level Annotations

Branches:
Dungeon (3/15)

Altars:
Kikubaaqudgha


Innate Abilities, Weirdness & Mutations

Your serpentine skin is tough. (AC +1)
You have supernaturally acute eyesight. (SInv)
Armour fits poorly on your strangely shaped body.
Your system is resistant to poisons. (rPois)
You cover ground very slowly.
You can spit poison.
You have a snake-like lower body.


Message History

The orc hits you with a +0 dagger. The rat bites you.
Found 18 stones.
The orc hits you with a +0 dagger.
You hear the slow rusting of a very distant drain.
The orc misses you.
A rat comes into view.
Found a potion of heal wounds.
The orc hits you with a +0 dagger. The orc completely misses you.
The rat misses you.
Found an escape hatch in the ceiling.
A kobold comes into view. It is wielding a +0 dagger.
The rat bites you. The rat closely misses you.
The kobold shouts!
The rat barely misses you. The orc hits you but does no damage.
The rat closely misses you.
Found a stone staircase leading down.
The rat barely misses you.
Found a stone staircase leading down.
The rat bites you but does no damage.
A kobold comes into view.
It is wielding a +0 dagger and quivering poisoned darts.
The rat misses you.
There is a stone staircase leading down here.
An orc comes into view. It is wielding a +0 trident.
The orc shouts!
Found a stone staircase leading up.
The kobold shouts!
The rat barely misses you. The orc closely misses you.
The orc hits you from afar with a +0 trident.
* * * LOW HITPOINT WARNING * * *
The kobold hits you with a +0 dagger.
* * * LOW HITPOINT WARNING * * *
The rat barely misses you.
The orc hits you from afar with a +0 trident.
* * * LOW HITPOINT WARNING * * *
The kobold barely misses you.
There is a stone staircase leading up, spattered with blood here.
The orc hits you from afar with a +0 trident.
You die...

#..............
#......####>..#
##..#...# ##
#.##.#..#
#.#####....#
#># ###..#
#.####....##
##K##...# .
#.o.#@# #...K<#
#..or## #...##
#...# #...#
#####


You could see an orc, a kobold and a rat.

Vanquished Creatures
  6 adders
  A worm (D:2)
  A dart slug (D:3)
  3 endoplasms
  3 giant cockroaches (D:1)
  A goblin (D:2)
  4 hobgoblins (D:1)
  3 jackals (D:2)
  4 kobolds
  A quokka (D:1)
  2 ball pythons
  6 bats
  5 frilled lizards
  2 rats (D:2)
42 creatures vanquished.

Notes
Turn   | Place    | Note
-------+----------+-------------------------------------------
     0 | D:1      | zazu2006 the Naga Hedge Wizard began the quest for the Orb.
     0 | D:1      | Reached XP level 1. HP: 15/15 MP: 4/4
   145 | D:1      | Reached XP level 2. HP: 22/22 MP: 0/6
   899 | D:1      | Found a faded altar of an unknown god.
  1153 | D:2      | Found an ancient bone altar of Kikubaaqudgha.
  1159 | D:2      | Reached XP level 3. HP: 27/28 MP: 2/8
  1503 | D:2      | Learned a level 3 spell: Mephitic Cloud
  1507 | D:2      | Learned a level 3 spell: Conjure Flame
  1510 | D:2      | Learned a level 2 spell: Blink
  1524 | D:2      | Reached XP level 4. HP: 36/36 MP: 1/9
  2494 | D:2      | Reached skill level 1 in Armour
  2586 | D:3      | HP: 1/36 [adder (3)]
  2651 | D:3      | Slain by an orc

Illustrated notes

Levels and vault maps discovered:
D:1:      lightli_molten_gateway, layout_basic,
          shapermc_ecumenical_altar_notcrosses, minmay_lizard_pond
D:2:      layout_basic, basic_altar, minmay_misc_feat_roman,
          kennysheep_generic_room_3
D:3:      cheibrodos_old_hovel, layout_rooms, gup_sewer_entry_glass

Skill      XL: |  1  2  3  4 |
---------------+-------------+-----
Conjurations   | 2 |  2.2
Dodging        | 2 |  2.1
Armour         | 1 |  1.1
Fighting       | |  0.1
Stealth        | |  3.3
Spellcasting   | |  3.7
Summonings     | |  1.0
Translocations | |  1.0
Poison Magic   | |  0.2

Action                   |  1- 3 |  4- 6 || total
-------------------------+-------+-------++-------
Melee: Dagger            |       |     9 ||     9
       Punch             |       |     1 ||     1
 Cast: Magic Dart        |    72 |    40 ||   112
 Abil: Spit Poison       |    11 |     9 ||    20
  Use: Potion            |       |     3 ||     3
Armor: Leather armour    |     4 |    15 ||    19
Dodge: Dodged            |    14 |    29 ||    43
